 Dungeon Sprint DCSS version 0.22-a0-252-gcace5d2 (webtiles) character file.

109 schets the Skirmisher (level 4, 0/39 HPs)
             Began as a Demonspawn Fighter on Mar 2, 2018.
             Killed from afar by Sigmund (4 damage)
             ... with a puff of flame
             ... in the Dungeon (Sprint I: "Red Sonja").
             The game lasted 00:00:22 (224 turns).

schets the Skirmisher (Demonspawn Fighter)           Turns: 224, Time: 00:00:23

Health: 0/39       AC:  7    Str: 18    XL:     4   Next: 59%
Magic:  0/4        EV:  7    Int:  9    God:
Gold:   54         SH: 10    Dex: 12    Spells: 3/3 levels left

rFire    . . .     SeeInvis .   a - +0 war axe
rCold    . . .     Gourm    .   c - +0 shield
rNeg     . . .     Faith    .   b - +0 scale mail
rPois    .         Spirit   +   (no helmet)
rElec    .         Reflect  .   (no cloak)
rCorr    .         Harm     .   (no gloves)
MR       .....     NoTele   +   (no boots)
Stlth    ..........             (no amulet)
HPRegen  0.13/turn              (no ring)
MPRegen  0.09/turn              (no ring)

@: no status effects
A: magic shield
a: no special abilities


You were in the Dungeon.
You were not hungry.

You visited 1 branch You collected 54 gold pieces.

Inventory:

Hand Weapons
 a - a +0 war axe (weapon)
Armour
 b - a +0 scale mail (worn)
 c - a +0 shield (worn)
Wands
 l - a wand of digging (13)
Scrolls
 k - a scroll of blinking
Potions
 d - a potion of might
 e - a potion of curing
 g - a potion of heal wounds
 h - a potion of haste
 i - 2 potions of magic
 j - a potion of berserk rage
Comestibles
 f - a ration


   Skills:
 + Level 5.6 Fighting
 + Level 3.6 Axes
 + Level 5.2 Armour
 + Level 5.2 Shields


You had 3 spell levels left.
You didn't know any spells.

Dungeon Overview and Level Annotations

Branches:
Dungeon (1/1)

Altars:

Annotations:
D Sigmund


Innate Abilities, Weirdness & Mutations

When hurt, damage is shared between your health and your magic reserves.


Message History

Sigmund barely misses you.
You closely miss Sigmund.
Sigmund is heavily wounded.
Sigmund says, "You will soon forget everything."
Sigmund hits you with a scythe.
* * * LOW HITPOINT WARNING * * *
You closely miss Sigmund.
Sigmund is heavily wounded.
You slash Sigmund!
Sigmund is almost dead.
Sigmund hits you but does no damage.
You closely miss Sigmund.
Sigmund is almost dead.
Sigmund gestures wildly while chanting.
Sigmund flickers and vanishes!
Deactivating autopickup; reactivate with Ctrl-A.
You hear some strange, mumbled words.
A puff of flame appears from out of thin air!
The puff of flame hits you!
You die...

#############
#<.#..').#..+
#..'[.#..@{.#
#..#####'####
#..# #..#
#..# ####
#..# #⌠⌠#
####


There were no monsters in sight!

Vanquished Creatures
  An ogre (D)
  Ijyb (D)
2 creatures vanquished.

Notes
Turn   | Place    | Note
-------+----------+-------------------------------------------
     0 | D        | schets the Demonspawn Fighter began the quest for the Orb.
     0 | D        | Reached XP level 1. HP: 18/18 MP: 1/1
     1 | D        | Noticed Ijyb
    12 | D        | Killed Ijyb
    12 | D        | Gained mutation: When hurt, damage is shared between your health and your magic reserves. [demonic ancestry]
    12 | D        | Reached XP level 2. HP: 22/25 MP: 2/2
   179 | D        | Noticed an ogre
   184 | D        | Killed an ogre
   184 | D        | Reached skill level 5 in Fighting
   184 | D        | Reached skill level 5 in Armour
   184 | D        | Reached skill level 5 in Shields
   184 | D        | Reached XP level 3. HP: 33/33 MP: 3/3
   184 | D        | Reached XP level 4. HP: 39/39 MP: 4/4
   195 | D        | Noticed Sigmund
   224 | D        | Killed from afar by Sigmund

Vault maps used:
D:        dungeon_sprint_1

Skill      XL: |  1  2 |
---------------+-------+-----
Fighting       | 4 5 |  5.6
Axes           | 2 3 |  3.6
Armour         | 3 5 |  5.2
Shields        | 3 5 |  5.2

Action                   |  1- 3 |  4- 6 || total
-------------------------+-------+-------++-------
Melee: War axe           |    14 |    17 ||    31
Armor: Scale mail        |     8 |       ||     8
Dodge: Dodged            |     3 |     7 ||    10
Block: Shield            |     5 |     4 ||     9

Table legend:
 A = Spawn XP
 B = Non-spawn XP
 C = Spawn XP percentage of total XP
 D = Spawn monster count
 E = Non-spawn monster count
 F = Spawn count percentage of total count
 G = Total turns spent on level
                    A         B        C        D         E        F      G
               +---------+---------+-------+---------+---------+-------+---------
         Total |       0 |     156 |   0.0 |       0 |       2 |   0.0 |   224
               +---------+---------+-------+---------+---------+-------+---------
             D |       0 |     156 |   0.0 |       0 |       2 |   0.0 |   224
               +---------+---------+-------+---------+---------+-------+---------
